 Dungeon Crawl Stone Soup version 0.29-a0-876-gfc89b1a5bd (webtiles) character file.

Game seed: 16087423708984032343

369 kae the Insei (level 6, -5/57 (60) HPs)
             Began as a Draconian Transmuter on July 19, 2022.
             Was an Initiate of Ru.
             Splashed by a jelly's acid (6 damage)
             ... on level 3 of the Dungeon.
             The game lasted 00:04:09 (4334 turns).

kae the Insei (Draconian Transmuter)                Turns: 4334, Time: 00:04:10

HP:   -5/57 (60)    AC:  2    Str: 12    XL:     6   Next: 41%
MP:   11/19         EV: 10    Int: 15    God:    Ru [......]
Gold: 285           SH:  0    Dex: 12    Spells: 2/10 levels left

rFire   x . .      SeeInvis .     - Unarmed
rCold   + + +      Faith    .   (shield currently unavailable)
rNeg    . . .      Spirit   .   (body armour unavailable)
rPois   +          Reflect  .   (helmet currently unavailable)
rElec   .          Harm     .   (cloak currently unavailable)
rCorr   .          Rampage  .   (gloves currently unavailable)
Will    .....                   (boots currently unavailable)
Stlth   +.........              (no amulet)
HPRegen 0.19/turn               W - ring of magical power
MPRegen 0.16/turn               (no ring)

@: ice-form, corroded, very slightly contaminated, lightly drained
A: freezing attack, amphibious, boosted hp, AC +6, large, unfitting armour,
(cold-blooded)
a: End Transformation, Renounce Religion


You were on level 3 of the Dungeon.
You worshipped Ru.
Ru was noncommittal.
You were a creature of crystalline ice.
You visited 1 branch of the dungeon, and saw 5 of its levels.

You collected 285 gold pieces.


Innate Abilities, Weirdness & Mutations

You are a creature of crystalline ice.
You have a powerful freezing melee attack.
You are amphibious.
Your maximum health is increased.
Your armour is entirely melded.
You are incapable of wielding weapons or throwing items.
((Your plain brown scales are hard. (AC +6)))
You cannot fit into any form of body armour.
((You are cold-blooded and may be slowed by cold attacks.))


   Skills:
 + Level 2.5 Fighting
 - Level 1.7 Dodging
 * Level 4.4 Unarmed Combat
 + Level 2.9 Spellcasting
 * Level 3.9 Transmutations
 * Level 1.8 Ice Magic
 - Level 1.7 Poison Magic


You had 2 spell levels left.
You knew the following spells:

 Your Spells              Type           Power      Damage    Failure   Level
a - Beastly Appendage     Tmut           28%        N/A       4%          1
b - Spider Form           Tmut/Pois      10%        N/A       19%         3
c - Ice Form              Ice/Tmut       10%        N/A       52%         4

Your spell library contained the following spells:

 Spells                   Type           Power      Damage    Failure   Level
 Wereblood                Tmut           14%        N/A       6%          2
 Poisonous Vapours        Pois/Air       8%         N/A       22%         2
 Static Discharge         Conj/Air       2%         3-4/arc   30%         2
 Corpse Rot               Necr/Pois/Air  3%         N/A       85%         4
 Dispel Undead            Necr           2%         3d7       90%         4
 Sticky Flame             Conj/Fire      2%         2d3       90%         4
 Iskenderun's Battlesphe  Conj           2%         2d6       99%         5
 Iron Shot                Conj/Erth      1%         9d1       100%        6
 Spellforged Servitor     Conj/Summ      1%         N/A       100%        7

Inventory:

Missiles
 b - 62 stones
 j - 6 atropa-tipped darts
 l - 8 boomerangs
Armour
 c - a +0 pair of boots (melded)
   (You found it on level 1 of the Dungeon)
 f - a +2 pair of gloves
   (You found it on level 2 of the Dungeon)
Jewellery
 W - a ring of magical power (left front paw)
   (You found it on level 1 of the Dungeon)
Wands
 o - a wand of polymorph (9)
   (You found it on level 3 of the Dungeon)
Scrolls
 i - 2 scrolls of noise {unknown}
 m - 2 scrolls of teleportation {unknown}
 n - a scroll of immolation {unknown}
 p - a scroll of enchant armour {unknown}
 r - a scroll of amnesia {unknown}
 s - a scroll of torment {unknown}
 t - 3 scrolls of acquirement {unknown}
 u - a scroll of identify {@r1}
Potions
 a - a potion of lignification {!q}
 d - 3 potions of brilliance {unknown}
 e - 3 potions of curing {@q1}
 g - a potion of ambrosia
 h - a potion of flight {unknown}
 k - a potion of invisibility {unknown}
 q - a potion of berserk rage {unknown}

Dungeon Overview and Level Annotations

Branches:
Dungeon (5/15) Zot: 25674
 Temple: D:4-7

Altars:
Elyvilon
Ru
The Shining One

Annotations:
D:2 1 runed translucent door, Crazy Yiuf, Sigmund

##### #...# #.#.###########
#.#...........#### #####
#.###########..>.# ....# #.#
####.# ....###.## #.##
......[.<#############..#
.....#.#.......JYh......#
...............##############
#...##.#######....######....#
.....#.# ####........##.##
.......# ##########...#
......## #.P.# #.....#
#...#### ......# ##.##...
#...#.# ### #.#..##


You could see a hound and a jelly.


Message History

There is a stone staircase leading up here.
Key pressed, stopping explore.
Unknown command.
There is a stone staircase leading up, spattered with blood here.
You see here a +0 dagger.
Key pressed, stopping explore.
Unknown command.
Done exploring.
Unknown command.
Done exploring.
Done exploring.
Done exploring.
(D) Dungeon
Where to? (Enter - D:3 @ (x,y), ? - help)
There is a stone staircase leading down here.
You climb downwards.
The jelly quivers.
Found 2 poisoned darts, a spear and 5 stones.
Found a stone staircase leading up.
There is a stone staircase leading up here.
There are monsters nearby!
Okay, then.
Casting: Beastly Appendage (safe; 4% risk of failure)
Confirm with . or Enter, or press ? or * to list all spells.
You grow a pair of large bovine horns.
Your feet morph into talons.
Your +0 pair of boots melds into your body.
The hound barks! 😎 MP[-1]
You lost 1 mp, and now have 18/19 mp.
You completely miss the hound. The hound bites you.
You closely miss the hound. Your headbutt misses the hound.
The hound closely misses you. 😕 HP[-2]
You take 2 damage, and now have 46/48 hp.
You hit the hound. Your kick misses the hound. You headbutt the hound.
The hound closely misses you. The hound bites you but does no damage.
You closely miss the hound. You claw the hound, but do no damage.
The hound pauses to sniff the ground.
The hound barely misses you. 😕 HP[+1] MP[+1]
Your mp is fully restored (19).
The hound bites you but does no damage. The jelly hits you but does no damage.
The hound bites you but does no damage.
You climb upwards.
There is a stone staircase leading down here.
The jelly attacks as you move away! The jelly barely misses you.
The hound misses you.
Your transformation is almost over.
There is a stone staircase leading up here.
Unknown command.
Unknown command.
The hound closely misses you. The jelly hits you. The acid corrodes you!
You are splashed with acid!
The hound bites you.
You climb upwards.
There is a stone staircase leading down here. 😮 HP[-11]
You take 11 damage, and now have 36/48 hp.
MASSIVE DAMAGE!! (PAUSE)
Casting: Beastly Appendage (safe; 4% risk of failure)
Confirm with . or Enter, or press ? or * to list all spells.
The spell is extremely dangerous to miscast (52% risk of failure)!
Continue anyway? [Y]es or [N]o only, please.
The spell is extremely dangerous to miscast (52% risk of failure)!
Continue anyway?
You miscast Ice Form.
You are very lightly contaminated with residual magic.
Nothing appears to happen.
The jelly hits you.
You are splashed with acid!
The hound bites you.
* * * LOW HITPOINT WARNING * * *
😨 HP[-15] MP[-4]
You take 15 damage, and now have 21/48 hp.
MASSIVE DAMAGE!! (PAUSE)
You lost 4 mp, and now have 15/19 mp.
Casting: Ice Form (extremely dangerous; 52% risk of failure)
Confirm with . or Enter, or press ? or * to list all spells.
The spell is extremely dangerous to miscast (52% risk of failure)!
Continue anyway? [Y]es or [N]o only, please.
The spell is extremely dangerous to miscast (52% risk of failure)!
Continue anyway?
Your horns disappear.
Your talons disappear.
Your +0 pair of boots unmelds from your body.
You turn into a creature of crystalline ice.
Your +0 pair of boots melds into your body.
The hound misses you. The jelly misses you. The hound bites you.
* * * LOW HITPOINT WARNING * * *
😨 MP[-4]
You now have 57 max hp (+9).
You lost 4 mp, and now have 11/19 mp.
You hit the hound but do no damage. The jelly hits you.
* * * LOW HITPOINT WARNING * * *
You are splashed with acid!
* * * LOW HITPOINT WARNING * * *
The hound bites you.
* * * LOW HITPOINT WARNING * * *
😱 HP[-15]
You take 15 damage, and now have 6/57 hp.
MASSIVE DAMAGE!! (PAUSE)
You hit the hound but do no damage. The hound bites you.
* * * LOW HITPOINT WARNING * * *
The jelly hits you.
* * * LOW HITPOINT WARNING * * *
You are splashed with acid.
You die...

Skill      XL: |  1  2  3  4  5 |
---------------+----------------+-----
Poison Magic   | 1 |  1.7
Transmutations | 3 |  3.9
Fighting       | 2 |  2.5
Unarmed Combat | 4 |  4.4
Ice Magic      | 1 |  1.8
Dodging        | |  1.7
Spellcasting   | |  2.9

Action                   |  1- 3 |  4- 6 || total
-------------------------+-------+-------++-------
Melee: Unarmed           |    80 |   102 ||   182
       Kick              |    17 |    12 ||    29
       Headbutt          |     5 |     9 ||    14
       Tailslap          |     7 |     6 ||    13
       Punch             |     4 |     3 ||     7
 Cast: Beastly Appendage |    17 |    18 ||    35
       Spider Form       |     1 |     4 ||     5
       Ice Form          |       |     1 ||     1
  Use: Scroll            |     1 |     4 ||     5
Armor: Skin              |    32 |    24 ||    56
Dodge: Dodged            |    59 |    62 ||   121

Levels and vault maps discovered:
D:1:      dpeg_arrival_morbid_curiosity, layout_basic, basic_ecumenical_altar,
          minmay_tromino_mix6
D:2:      layout_rooms, minmay_ruptured, uniq_crazy_yiuf_cottage, uniq_robin,
          uniq_sigmund
D:3:      layout_rooms, tso_metal_star, elyvilon_altar_1, solitary_fountain,
          minivault_27
D:4:      layout_rooms, nicolae_overflow_crystal_walls, uniq_menkaure
D:5:      layout_cave_pools, nicolae_overflow_two_pavilions,
          minmay_temple_entry_glassed_door, minmay_liquid_box, minivault_5,
          minivault_1, dreamdust_wishing_well, minmay_shop_mass

Notes
Turn   | Place    | Note
-------+----------+-------------------------------------------
     0 | D:1      | kae the Draconian Transmuter began the quest for the Orb.
     0 | D:1      | Reached XP level 1. HP: 16/16 MP: 3/3
     0 | D:1      | magus.rc [v1.11.3]
   244 | D:1      | Found a faded altar of an unknown god.
   252 | D:1      | Reached XP level 2. HP: 23/23 MP: 3/5
   594 | D:1      | You pick up a book of Power and begin reading...
   594 | D:1      | You add the spells Iskenderun's Battlesphere, Iron Shot and
                  | Spellforged Servitor to your library.
   917 | D:2      | Noticed Robin
   948 | D:2      | Reached XP level 3. HP: 19/28 MP: 6/6
  1075 | D:1      | Learned a level 3 spell: Spider Form
  1086 | D:2      | Killed Robin
  1315 | D:2      | Noticed Sigmund
  1472 | D:2      | Reached skill level 1 in Poison Magic
  1472 | D:2      | Reached XP level 4. HP: 33/36 MP: 7/7
  1825 | D:2      | Found a runed translucent door.
  1826 | D:2      | Noticed Crazy Yiuf
  2084 | D:3      | Reached skill level 3 in Transmutations
  2337 | D:3      | Found a white marble altar of Elyvilon.
  2397 | D:3      | Found a glowing golden altar of the Shining One.
  2869 | D:4      | Noticed Menkaure
  3027 | D:4      | You pick up a book of Vapours and begin reading...
  3027 | D:4      | You add the spells Poisonous Vapours and Corpse Rot to your
                  | library.
  3058 | D:4      | Reached skill level 2 in Fighting
  3098 | D:4      | Reached XP level 5. HP: 31/41 MP: 8/8
  3298 | D:4      | Learned a level 4 spell: Ice Form
  3446 | D:4      | Reached skill level 4 in Unarmed Combat
  3473 | D:4      | Found a sacrificial altar of Ru.
  3493 | D:4      | Became a worshipper of Ru the Awakened
  3551 | D:4      | Killed Menkaure
  3552 | D:4      | Reached skill level 1 in Ice Magic
  3552 | D:4      | Reached XP level 6. HP: 18/50 MP: 10/10
  3814 | D:4      | Noticed an orc warrior
  3835 | D:4      | Killed an orc warrior
  4067 | D:4      | You pick up a book of Touch and begin reading...
  4067 | D:4      | You add the spells Static Discharge, Sticky Flame and
                  | Dispel Undead to your library.
  4317 | D:5      | Entered Level 5 of the Dungeon
  4333 | D:3      | HP: 9/57 [acid (10)]
  4334 | D:3      | HP: 3/57 [hound (4)]
  4334 | D:3      | HP: 1/57 [jelly (2)]
  4334 | D:3      | Splashed by a jelly's acid

Vanquished Creatures
  Menkaure (D:4)
  An orc warrior (D:4)
  An iguana (D:4)
  Robin (D:2)
  6 adders
  2 worms
  A dart slug (D:1)
  3 orcs
  4 endoplasms
  18 goblins
  8 hobgoblins
  2 jackals (D:4)
  4 quokkas
  4 ball pythons
  A bat (D:1)
  2 frilled lizards
  4 kobolds
  4 rats
67 creatures vanquished.

Table legend:
 A = Non-vault XP
 B = Vault XP
 C = Vault XP percentage of total XP
 D = Non-vault monster count
 E = Vault monster count
 F = Vault count percentage of total count
                 A         B        C        D         E       F
            +---------+---------+-------+---------+---------+-------
      Total |     320 |     208 |  39.4 |      44 |      23 |  34.3
            +---------+---------+-------+---------+---------+-------
        D:1 |      11 |      18 |  62.1 |       5 |      10 |  66.7
        D:2 |      43 |      39 |  47.6 |      12 |      12 |  50.0
        D:3 |      43 |       0 |   0.0 |      10 |       0 |   0.0
        D:4 |     223 |     151 |  40.4 |      17 |       1 |   5.6
            +---------+---------+-------+---------+---------+-------

Illustrated notes

Table legend:
 A = Kills in this place as a percentage of kills in entire the game.
 B = Kills by you in this place as a percentage of kills by you in the entire game.
 C = Kills by friends in this place as a percentage of kills by friends in the entire game.
 D = Other kills in this place as a percentage of other kills in the entire game.
 E = Experience gained in this place as a percentage of experience gained in the entire game.
 F = Experience gained in this place divided by the number of levels of this place that you have seen.
                   A       B       C       D       E      F
               +-------+-------+-------+-------+-------+----------------------
         Total | 100.0 | 100.0 |   N/A |   N/A | 100.0 | 105.6
       Dungeon | 100.0 | 100.0 |   N/A |   N/A | 100.0 | 105.6
               +-------+-------+-------+-------+-------+----------------------

Table legend: (Time is in decaauts)
 A = Elapsed time spent in this place.
 B = Non-inter-level travel time spent in this place.
 C = Inter-level travel time spent in this place.
 D = Time resting spent in this place.
 E = Time spent auto-exploring this place.
 F = Levels seen in this place.
 G = Mean time per level.
                   A        B        C        D        E       F      G
               +--------+--------+--------+--------+--------+-----+--------+
         Total |   4325 |   4213 |    112 |    790 |   2841 |   5 |  865.0 |
       Dungeon |   4325 |   4213 |    112 |    790 |   2841 |   5 |  865.0 |
               +--------+--------+--------+--------+--------+-----+--------+

Top non-repeatable levels by time:
     D:4: 1318 daAuts
     D:1: 1098 daAuts
     D:2: 970 daAuts
     D:3: 930 daAuts
     D:5: 7 daAuts
